 Dungeon Crawl Stone Soup version 0.27-a0-869-g165b36e3f0 (webtiles) character file.

Game seed: 7911001919437405104

18 Lanoc the Sneak (level 2, -5/16 HPs)
             Began as a Spriggan Delver on Apr 2, 2021.
             Slain by an orc priest
             ... wielding a +0 dagger of speed
              (6 damage)
             ... on level 4 of the Dungeon.
             The game lasted 00:01:17 (169 turns).

Lanoc the Sneak (Spriggan Delver)                    Turns: 169, Time: 00:01:18

Health: -5/16      AC:  3    Str:  8    XL:     2   Next: 48%
Magic:  3/3        EV: 17    Int: 11    God:
Gold:   26         SH:  0    Dex: 16    Spells: 1/1 levels left

rFire    . . .     SeeInvis +   h - +7 morningstar "Gylog" {freeze, rElec rN++}
rCold    . . .     Faith    .   (shield restricted)
rNeg     + + .     Spirit   .   b - +1 robe
rPois    .         Reflect  .   (helmet restricted)
rElec    +         Harm     .   (no cloak)
rCorr    .         Rampage  .   (gloves unavailable)
Will     .....                  (boots unavailable)
Stlth    ++++......             (no amulet)
HPRegen  0.05/turn              (no ring)
MPRegen  0.08/turn              (no ring)

@: very quick
A: very small, no large weapons, unfitting armour, see invisible, speed 3
a: no special abilities


You were on level 4 of the Dungeon.
You visited 1 branch of the dungeon, and saw 2 of its levels.

You collected 26 gold pieces.

Inventory:

Hand Weapons
 h - the +7 morningstar "Gylog" (weapon) {freeze, rElec rN++}
   (You found it on level 5 of the Dungeon)

   It has been specially enchanted to freeze those struck by it, causing extra
   injury to most foes and up to half again as much damage against particularly
   susceptible opponents.
   It can also slow down cold-blooded creatures.
   It insulates you from electricity.
   It greatly protects you from negative energy.
Armour
 b - a +1 robe (worn)
Wands
 g - a wand of digging (3)
Scrolls
 c - a scroll of fog
 d - a scroll of magic mapping
Potions
 f - a potion of haste


   Skills:
 + Level 2.6 Fighting
 - Level 2.1 Short Blades
 + Level 3.1 Dodging
 * Level 7.8 Stealth


You had one spell level left.
You didn't know any spells.
Your spell library was empty.

Dungeon Overview and Level Annotations

Branches:
Dungeon (5/15)
 Temple: D:4-7

Altars:

Annotations:
D:5 Menkaure


Innate Abilities, Weirdness & Mutations

You are very small and have problems with some larger weapons.
You are too small for most types of armour.
You have supernaturally acute eyesight. (SInv)
You cover ground extremely quickly. (Speed+++)


Message History

Your Dodging skill increases to level 3!
You have reached level 2!
You closely miss the orc. The orc hits you with a +0 mace.
The orc priest hits you with a +0 dagger of speed.
The orc wizard points at itself and mumbles some strange words.
The orc wizard flickers and vanishes for a moment.
The orc priest mumbles some strange prayers to Beogh against you.
You barely resist.
Found 23 stones.
Okay, then.
You hit the orc but do no damage. The orc closely misses you.
The orc completely misses you.
You puncture the orc! You freeze the orc.
You kill the orc!
The orc hits you with a +0 mace.
* * * LOW HITPOINT WARNING * * *
You thump the orc! You freeze the orc.
You kill the orc!
As you read the scroll labelled DIM WEUSICYRY, it crumbles to dust.
It is a scroll of enchant armour.
Your +0 robe glows green for a moment.
As you read the scroll of fear, it crumbles to dust.
You assume a fearsome visage.
The orc priest looks frightened!
Things that are here:
a +0 mace; a +0 leather armour; a +0 club You closely miss the orc.
The orc barely misses you.
You thump the orc! You freeze the orc.
You kill the orc!
Things that are here:
a +0 club; an orc corpse You see here 23 stones.
An adder comes into view.
You start resting.
An orc priest is nearby!
The orc priest hits you but does no damage.
You barely miss the orc priest.
The orc priest hits you with a +0 dagger of speed.
* * * LOW HITPOINT WARNING * * *
The orc priest hits you with a +0 dagger of speed.
You die...

### #.##
# ##@## .
#. ##o#
..#..
##.##
#...#
##.##
#S..##.##
## #..##
#.. ##
##.#
..###.
#.# #.#..
###.#


You could see an orc priest.

Vanquished Creatures
  A hound skeleton (D:4)
  3 orcs (D:4)
4 creatures vanquished.

Notes
Turn   | Place    | Note
-------+----------+-------------------------------------------
     0 | D:5      | Lanoc the Spriggan Delver began the quest for the Orb.
     0 | D:5      | Reached XP level 1. HP: 11/11 MP: 2/2
    27 | D:5      | Noticed an ogre
    47 | D:5      | Identified the +7 morningstar "Gylog" {freeze, rElec rN++}
    63 | D:5      | Noticed Menkaure
    76 | D:4      | Noticed an orc priest
    77 | D:4      | Noticed an orc wizard
    80 | D:4      | Reached XP level 2. HP: 16/16 MP: 3/3
   169 | D:4      | Slain by an orc priest

Illustrated notes

Levels and vault maps discovered:
D:4:      layout_layer_cave, hangedman_ru_absence,
          minmay_temple_entry_stoned_glass, minmay_checkerbox
D:5:      layout_loops_cross, uniq_menkaure

Skill      XL: |  1 |
---------------+----+-----
Dodging        | 3 |  3.1
Fighting       | |  2.6
Short Blades   | |  2.1
Stealth        | |  7.8

Action                   || total
-------------------------++-------
Melee: Morningstar       ||    10
  Use: Scroll            ||     2
Armor: Robe              ||     1
Dodge: Dodged            ||     9

Table legend: (Time is in decaauts)
 A = Elapsed time spent in this place.
 B = Non-inter-level travel time spent in this place.
 C = Inter-level travel time spent in this place.
 D = Time resting spent in this place.
 E = Time spent auto-exploring this place.
 F = Levels seen in this place.
 G = Mean time per level.
                   A        B        C        D        E       F      G
               +--------+--------+--------+--------+--------+-----+--------+
         Total |    119 |    119 |      0 |     14 |     29 |   2 |   59.5 |
       Dungeon |    119 |    119 |      0 |     14 |     29 |   2 |   59.5 |
               +--------+--------+--------+--------+--------+-----+--------+

Top non-repeatable levels by time:
     D:4: 73 daAuts
     D:5: 45 daAuts
